 Dungeon Sprint DCSS version 0.20-a0-640-g62ed22f (webtiles) character file.

58 Kidiri the Magician (level 3, -1/21 HPs)
             Began as a Deep Elf Fire Elementalist on Feb 12, 2017.
             Splashed by an oklob sapling priest's acid (10 damage)
             ... in the Dungeon (Sprint IV: "Fedhas' Mad Dash").
             The game lasted 00:02:01 (387 turns).

Kidiri the Magician (Deep Elf Fire Elementalist)     Turns: 387, Time: 00:02:05

Health: -1/21      AC:  2    Str:  5    XL:     3   Next: 75%
Magic:  7/12       EV: 14    Int: 20    God:
Gold:   33         SH:  0    Dex: 15    Spells: 5/14 levels left

rFire    . . .     SeeInvis .   l - +0 whip
rCold    . . .     Gourm    .   a - +0 robe
rNeg     . . .     Faith    .   (no shield)
rPois    .         Spirit   .   (no helmet)
rElec    .         Reflect  .   (no cloak)
rCorr    .         Harm     .   (no gloves)
MR       .....     NoTele   +   (no boots)
Stlth    ++........             j - amulet of invisibility {+Inv}
Regen    0.1/turn               (no ring)
MPRegen  0.2/turn               (no ring)

@: very slightly contaminated
A: no striking features
a: Evoke Invisibility


You were in the Dungeon.
You were not hungry.

You visited 1 branch You collected 33 gold pieces.

Inventory:

Hand Weapons
 l - a +0 whip (weapon)
Armour
 a - a +0 robe (worn)
Jewellery
 j - the amulet of invisibility (around neck) {+Inv}
   (You found it in the Dungeon)

   [amulet of nothing]

   It lets you turn invisible.
Scrolls
 i - a scroll of blinking
Potions
 e - a potion of heal wounds
 f - a potion of haste
 g - a potion of magic
 h - a potion of berserk rage
Books
 b - a book of Flames

   Spells                             Type                      Level
   a - Flame Tongue                   Conjuration/Fire             1
   b - Throw Flame                    Conjuration/Fire             2
   c - Conjure Flame                  Conjuration/Fire             3
   d - Inner Flame                    Hexes/Fire                   3
   e - Sticky Flame                   Conjuration/Fire             4
   f - Fireball                       Conjuration/Fire             5
Comestibles
 c - a bread ration
 d - 2 chunks of flesh
 k - a meat ration


   Skills:
 + Level 2.1 Fighting
 + Level 2.0 Armour
 + Level 4.1 Dodging
 - Level 2.4 Stealth
 * Level 6.0 Spellcasting
 + Level 2.9 Conjurations
 + Level 4.4 Fire Magic
 + Level 0.0 Evocations


You had 5 spell levels left.
You knew the following spells:

 Your Spells              Type           Power        Failure   Level  Hunger
a - Flame Tongue          Conj/Fire      ###..        2%          1    None
b - Throw Flame           Conj/Fire      ###...       3%          2    None
c - Conjure Flame         Conj/Fire      ###.....     10%         3    ##.....
d - Inner Flame           Hex/Fire       ##......     14%         3    ##.....


Dungeon Overview and Level Annotations

Branches:
Dungeon (1/1)

Altars:
Cheibriados
Dithmenos
Elyvilon
Gozag
Hepliaklqana
Kikubaaqudgha
Makhleb
Nemelex Xobeh
Okawaru
Qazlal
Ru
Sif Muna
Trog
Uskayaw
Xom
Yredelemnul
Zin
The Shining One
Beogh
Jiyva

Annotations:
D exclusion: oklob sapling


Message History

Casting: Flame Tongue
Confirm with . or Enter, or press ? or * to list all spells.
Aiming: Flame Tongue
Press: ? - help, Shift-Dir - straight line, f/p - oklob sapling priest
Aim: an oklob sapling priest (almost destroyed, hasn't noticed you)
The flame tongue hits the oklob sapling priest.
The oklob sapling priest appears unharmed.
The oklob sapling priest is almost destroyed.
Casting: Flame Tongue
Confirm with . or Enter, or press ? or * to list all spells.
Aiming: Flame Tongue
Press: ? - help, Shift-Dir - straight line, f/p - oklob sapling priest
Aim: an oklob sapling priest (almost destroyed, hasn't noticed you)
You miscast Flame Tongue.
You feel a strange surge of energy!
You flicker back into view.
The oklob sapling priest spits acid at you.
The splash of acid hits you!
Ouch! That really hurt!
You are splashed with acid!
The acid burns!
You die...

########################
P#.....#.....#.⌠._._._._
.'.....'.#.(.'..@._._._.
P#.....#.#...#..._._P_._
###########+##.._._._._.
#.⌠._._._._ ###########


You could see an oklob sapling priest.

Vanquished Creatures
  An oklob sapling (D)
  A worker ant (D)
  A river rat (D)
  A rat (D)
4 creatures vanquished.

Notes
Turn   | Place    | Note
-------+----------+-------------------------------------------
     0 | D        | Kidiri the Deep Elf Fire Elementalist began the quest for the Orb.
     0 | D        | Reached XP level 1. HP: 10/10 MP: 6/6
    10 | D        | Reached skill level 1 in Fighting
    10 | D        | Reached skill level 4 in Spellcasting
    10 | D        | Reached XP level 2. HP: 6/16 MP: 1/9
   256 | D        | Learned a level 2 spell: Throw Flame
   262 | D        | Noticed an oklob sapling
   264 | D        | Killed an oklob sapling
   264 | D        | Reached skill level 1 in Armour
   264 | D        | Reached skill level 5 in Spellcasting
   264 | D        | Reached XP level 3. HP: 21/21 MP: 7/11
   269 | D        | Learned a level 3 spell: Conjure Flame
   273 | D        | Learned a level 3 spell: Inner Flame
   303 | D        | Reached skill level 6 in Spellcasting
   372 | D        | Found an opulent altar of Gozag.
   372 | D        | Found a hazy altar of Hepliaklqana.
   372 | D        | Found a roughly hewn altar of Beogh.
   372 | D        | Found a snail-covered altar of Cheibriados.
   373 | D        | Found a viscous altar of Jiyva.
   373 | D        | Found a burning altar of Makhleb.
   373 | D        | Found a sparkling altar of Nemelex Xobeh.
   373 | D        | Found a sacrificial altar of Ru.
   373 | D        | Found a deep blue altar of Sif Muna.
   373 | D        | Found a bloodstained altar of Trog.
   373 | D        | Found a shimmering altar of Xom.
   373 | D        | Found a basalt altar of Yredelemnul.
   373 | D        | Noticed an oklob sapling priest
   380 | D        | Found an iron altar of Okawaru.
   380 | D        | Found a shadowy altar of Dithmenos.
   380 | D        | Found a glowing silver altar of Zin.
   381 | D        | Found an ancient bone altar of Kikubaaqudgha.
   381 | D        | Found a hide-covered altar of Uskayaw.
   382 | D        | Found a stormy altar of Qazlal.
   382 | D        | Found a white marble altar of Elyvilon.
   382 | D        | Found a glowing golden altar of the Shining One.
   387 | D        | Splashed by an oklob sapling priest's acid

Vault maps used:
D:        dungeon_sprint_fedhas

Skill      XL: |  1  2  3 |
---------------+----------+-----
Fighting       | 1 2 |  2.1
Dodging        | 3 4 |  4.1
Spellcasting   | 4 5 6 |  6.0
Armour         | 1 2 |  2.0
Conjurations   | 2 |  2.9
Fire Magic     | 4 |  4.4
Stealth        | |  2.4

Action                   || total
-------------------------++-------
Melee: Unarmed           ||     1
 Cast: Flame Tongue      ||    19
       Throw Flame       ||     5
 Abil: Evoke Invisibilit ||     1
  Use: Potion            ||     2
Dodge: Dodged            ||     4
